 Dungeon Crawl Stone Soup version 0.25-a0-578-gc91f01c (webtiles) character file.

Game seed: 2571781774709578209, levelgen mode: deterministic

7834 Faels the Carver (level 11, -6/112 HPs)
             Began as a Demonspawn Fighter on Mar 6, 2020.
             Was a High Priest of Okawaru.
             Shot with an arrow by a centaur (9 damage)
             ... on level 11 of the Dungeon.
             The game lasted 00:31:14 (9280 turns).

Faels the Carver (Demonspawn Fighter)               Turns: 9280, Time: 00:31:14

Health: -6/112     AC: 11    Str: 16    XL:     11   Next: 2%
Magic:  11/11      EV:  8    Int: 11    God:    Okawaru [*****.]
Gold:   406        SH:  9    Dex: 15    Spells: 10/10 levels left

rFire    + . .     SeeInvis .   m - +7 short sword (venom)
rCold    + . .     Gourm    .   c - +0 kite shield
rNeg     . . .     Faith    .   y - +0 chain mail
rPois    .         Spirit   .   O - +1 hat
rElec    .         Reflect  .   d - +0 cloak
rCorr    +         Harm     .   (no gloves)
MR       .....                  (no boots)
Stlth    ..........             P - amulet of rage
HPRegen  0.28/turn              C - ring of protection from fire
MPRegen  0.12/turn              w - ring of resist corrosion

@: berserking, very quick
A: claws 2, repulsion field 2, cold resistance 1, spiny 2
a: Heroism, Finesse, Renounce Religion, Evoke Berserk Rage


You were on level 11 of the Dungeon.
You worshipped Okawaru.
Okawaru was extremely pleased with you.
You were very hungry.

You visited 2 branches of the dungeon, and saw 12 of its levels.

You collected 588 gold pieces.
You spent 182 gold pieces at shops.

Inventory:

Hand Weapons
 b - a cursed +0 war axe
 m - a +7 short sword of venom (weapon)
 A - a +2 demon blade of venom
 J - the +5 war axe of Midsummer {venom, Dex+7}
   (You found it on level 6 of the Dungeon)

   It poisons the flesh of those it strikes.
   It affects your dexterity (+7).
 U - a cursed -1 rapier
 Z - the +2 trident of Evagutt {flame, +Rage rF++ Int-5 Stlth+}
   (You found it on level 10 of the Dungeon)

   It has been specially enchanted to burn those struck by it, causing extra
   injury to most foes and up to half again as much damage against particularly
   susceptible opponents.
   It affects your intelligence (-5).
   It greatly protects you from fire.
   It lets you go berserk.
   It makes you more stealthy.
Missiles
 e - 19 poisoned darts (quivered)
 I - 3 curare-tipped darts
 K - 2 throwing nets
 R - 3 datura-tipped darts
Armour
 c - a +0 kite shield (worn)
 d - a +0 cloak (worn)
 y - a +0 chain mail (worn)
 F - the +1 leather armour of Ved Tax {Str+5 Stlth+}
   (You found it on level 6 of the Dungeon)

   It affects your strength (+5).
   It makes you more stealthy.
   If you switch to wearing this armour, your AC will decrease by 5 (11 -> 6).
 L - a +0 troll leather armour
 N - a +0 plate armour
 O - a +1 hat (worn)
Jewellery
 n - a +4 ring of strength
 p - an uncursed ring of protection from cold
 w - a ring of resist corrosion (right claw)
 C - a ring of protection from fire (left claw)
 P - an amulet of rage (around neck)
 T - a +3 ring of evasion
Wands
 a - a wand of random effects (38)
 x - a wand of digging (3)
 D - a wand of disintegration (20)
 H - a wand of paralysis (14)
 V - a wand of flame (3)
Scrolls
 g - 4 scrolls of teleportation
 j - 10 scrolls of remove curse
 k - a scroll of blinking
 q - a scroll of fear
 s - 2 scrolls of amnesia
 v - 2 scrolls of magic mapping
 S - a scroll of fog
 Y - a scroll of enchant armour
Potions
 h - a potion of magic
 i - 4 potions of lignification
 l - 2 potions of heal wounds
 r - a potion of ambrosia {unknown}
 t - 2 potions of curing
 u - a potion of haste {unknown}
 z - 2 potions of cancellation
 G - a potion of flight {unknown}
 M - a potion of might
 Q - a potion of brilliance {unknown}
 W - a potion of berserk rage
Comestibles
 f - 19 rations
 o - 4 chunks of flesh


   Skills:
 - Level 3.0 Fighting
 - Level 8.5(11.6) Short Blades
 + Level 12.6(13.5) Long Blades
 - Level 2.6 Armour
 - Level 2.4 Dodging
 - Level 2.6 Shields


You had 10 spell levels left.
You didn't know any spells.
Your spell library contained the following spells:

 Spells                   Type           Power        Failure   Level  Hunger
 Sting                    Tmut/Pois      #...         100%        1    ##.....
 Summon Butterflies       Summ           #.......     100%        1    ##.....
 Poisonous Vapours        Pois/Air       #.....       100%        2    ###....
 Call Canine Familiar     Summ           #.......     100%        3    ####...
 Ignite Poison            Fire/Tmut/Pois #.......     100%        3    ####...
 Mephitic Cloud           Conj/Pois/Air  #.......     100%        3    ####...
 Olgreb's Toxic Radiance  Pois           #.......     100%        4    #####..
 Summon Ice Beast         Ice/Summ       #.......     100%        4    #####..
 Summon Mana Viper        Hex/Summ       #.......     100%        5    ######.
 Summon Hydra             Summ           #.........   100%        7    #######


Dungeon Overview and Level Annotations

Branches:
Dungeon (11/15)            Temple (1/1) D:6            Lair (0/6) D:10
    Orc: D:9-12

Altars:
Ashenzari
Cheibriados
Dithmenos
Elyvilon
Fedhas
Gozag
Hepliaklqana
Kikubaaqudgha
Makhleb
Nemelex Xobeh
Okawaru
Qazlal
Ru
Sif Muna
Trog
Uskayaw
Vehumet
Wu Jian
Xom
Yredelemnul
Zin
The Shining One

Shops:
D:10 (   D:11 *


Innate Abilities, Weirdness & Mutations

You have very sharp fingernails.
You are surrounded by a moderate repulsion field. (EV +3)
Your flesh is cold resistant. (rC+)
You are mostly covered in sharp spines.


Message History

The seven-headed hydra is almost dead.
The hungry ghost is struck by your spines.
The hungry ghost hits you.
You are feeling very hungry.
The centaur is struck by your spines. The centaur closely misses you.
You puncture the seven-headed hydra!
You kill the seven-headed hydra!
Okawaru is honoured by your kill.
You have reached level 11!
Your demonic ancestry asserts itself...
Your fingernails sharpen.
The centaur shoots an arrow.
The arrow hits you.
* * * LOW HITPOINT WARNING * * *
You impale the centaur!!
You kill the centaur!
Okawaru accepts your kill.
Your chain mail prevents you from hitting the hungry ghost.
The hungry ghost is heavily damaged.
The centaur shoots an arrow.
The arrow hits you!
You die...

#.>#
#..######..####))#####
#..#
#...............(((...
#..#
#..................(..
#cY#
#..........#####..####
####?.# #..........#
#..# # ...c(.#
#..........# #(.# #
.....(# #....Y.....#
#..# #
......######..(W).....#
#..# #
......(.((((..c(@.....#
#..# #
.....8..(.....######..#
#..# # ......##.###..#
#..# #..# ...8.∩.8.#
#..# #..# ......####
#..# #... .....8# #..#
#.... ......# #..#
#..### ......# #..# ..#
......# ...


You could see a hungry ghost, an ice beast and a centaur.

Vanquished Creatures
  Snorg (D:10)
  Harold (D:7)
  A hydra (D:11)
  A two-headed ogre (D:10)
  An unseen horror (D:10)
  2 centaur zombies
  Psyche (D:9)
  A centaur skeleton (D:10)
  A merfolk (D:9)
  A troll (D:9)
  Sigmund (D:2)
  A hungry ghost (D:10)
  3 orc warriors (D:7)
  A sky beast (D:9)
  An ice beast (D:11)
  A phantom (D:5)
  3 ogres
  8 centaurs
  A big kobold (D:7)
  3 bullfrogs
  Blork the orc (D:6)
  An electric eel (D:10)
  2 vampire bats (D:7)
  3 howler monkeys (D:6)
  3 crimson imps
  2 jellies (D:7)
  3 orc priests (D:7)
  3 hounds
  Crazy Yiuf (D:2)
  2 orc wizards (D:7)
  4 worker ants
  A hound skeleton (D:8)
  2 hound zombies
  A worker ant zombie (D:9)
  9 gnolls
  11 adders
  2 shadow imps
  An adder zombie (D:9)
  5 worms
  A dart slug (D:3)
  9 leopard geckos
  14 orcs
  5 bats
  4 bat skeletons (D:7)
  2 bat zombies (D:7)
  9 giant cockroaches
  12 goblins
  9 hobgoblins
  8 jackals
  14 kobolds
  A quokka (D:7)
  3 ball pythons
  5 frilled lizards
  3 rats
190 creatures vanquished.

Notes
Turn   | Place    | Note
-------+----------+-------------------------------------------
     0 | D:1      | Faels the Demonspawn Fighter began the quest for the Orb.
     0 | D:1      | Reached XP level 1. HP: 18/18 MP: 1/1
    17 | D:1      | Reached skill level 2 in Long Blades
   265 | D:1      | Gained mutation: You are partially covered in sharp spines.
                  | [demonic ancestry]
   265 | D:1      | Reached XP level 2. HP: 24/24 MP: 2/2
   596 | D:2      | Reached skill level 1 in Dodging
   887 | D:2      | Noticed Sigmund
   889 | D:2      | Killed Sigmund
   889 | D:2      | Reached skill level 4 in Long Blades
   889 | D:2      | Gained mutation: You are surrounded by a mild repulsion
                  | field. (EV +2) [demonic ancestry]
   889 | D:2      | Reached XP level 3. HP: 29/29 MP: 3/3
   889 | D:2      | Reached XP level 4. HP: 35/35 MP: 4/4
   889 | D:2      | Reached XP level 5. HP: 41/41 MP: 5/5
  1025 | D:2      | Reached skill level 5 in Long Blades
  1332 | D:2      | Found a white marble altar of Elyvilon.
  1376 | D:2      | Found a runed translucent door.
  1377 | D:2      | Noticed Crazy Yiuf
  1383 | D:2      | Killed Crazy Yiuf
  1832 | D:3      | Gained mutation: You are mostly covered in sharp spines.
                  | [demonic ancestry]
  1832 | D:3      | Reached XP level 6. HP: 44/47 MP: 6/6
  2342 | D:4      | Found a hazy altar of Hepliaklqana.
  2343 | D:4      | Found a burning altar of Makhleb.
  2343 | D:4      | Found a radiant altar of Vehumet.
  2361 | D:4      | Found an iron altar of Okawaru.
  2430 | D:4      | Reached skill level 6 in Long Blades
  2551 | D:4      | Became a worshipper of Warmaster Okawaru
  3055 | D:5      | Entered Level 5 of the Dungeon
  3143 | D:5      | Reached skill level 7 in Long Blades
  3143 | D:5      | Gained mutation: You have sharp fingernails. [demonic
                  | ancestry]
  3143 | D:5      | Reached XP level 7. HP: 30/52 MP: 7/7
  3484 | D:5      | Reached skill level 8 in Long Blades
  4139 | D:6      | Reached * piety under Okawaru
  4158 | D:5      | Reached XP level 8. HP: 22/58 MP: 8/8
  4469 | D:6      | Found a staircase to the Ecumenical Temple.
  4504 | Temple   | Entered the Ecumenical Temple
  4608 | D:6      | Got a dazzling leather armour
  4619 | D:6      | Identified the +1 leather armour of Ved Tax {Str+5 Stlth+}
                  | (You found it on level 6 of the Dungeon)
  4759 | D:6      | Noticed Blork the orc
  4771 | D:6      | Killed Blork the orc
  4815 | D:6      | Got an encrusted war axe
  4816 | D:6      | Identified the +5 war axe of Midsummer {venom, Dex+7} (You
                  | found it on level 6 of the Dungeon)
  4850 | D:6      | Reached skill level 1 in Short Blades
  5363 | D:7      | Found an opulent altar of Gozag.
  5444 | D:7      | Reached ** piety under Okawaru
  5444 | D:7      | Reached skill level 5 in Short Blades
  5590 | D:7      | Found an ornate altar of the Wu Jian Council.
  5940 | D:7      | Gained mutation: You are surrounded by a moderate repulsion
                  | field. (EV +3) [demonic ancestry]
  5940 | D:7      | Reached XP level 9. HP: 63/63 MP: 6/9
  5992 | D:7      | Found an ancient bone altar of Kikubaaqudgha.
  6173 | D:7      | Noticed Harold
  6213 | D:7      | Killed Harold
  6213 | D:7      | Reached *** piety under Okawaru
  6719 | D:8      | Found a sparkling altar of Nemelex Xobeh.
  7270 | D:8      | Found a glowing golden altar of the Shining One.
  7314 | D:8      | Identified a scroll of acquirement
  7314 | D:8      | Identified the amulet of Paothuih {Reflect *Corrode +Inv
                  | rF+ SH+3} (You acquired it on level 8 of the Dungeon)
  7354 | D:9      | Noticed a troll
  7355 | D:9      | Found a shadowy altar of Dithmenos.
  7358 | D:9      | Killed a troll
  7358 | D:9      | Reached skill level 9 in Long Blades
  7685 | D:9      | Found a basalt altar of Yredelemnul.
  7865 | D:9      | Noticed Psyche
  7872 | D:9      | Paralysed by something for 3 turns
  7876 | D:9      | Killed Psyche
  7908 | D:9      | Noticed a merfolk
  7922 | D:9      | Killed a merfolk
  7922 | D:9      | Reached skill level 10 in Long Blades
  7922 | D:9      | Gained mutation: Your flesh is cold resistant. (rC+)
                  | [demonic ancestry]
  7922 | D:9      | Reached XP level 10. HP: 63/70 MP: 10/10
  8152 | D:10     | Entered Level 10 of the Dungeon
  8152 | D:10     | Found Amoghacw's Weapon Shop.
  8152 | D:10     | Found a staircase to the Lair.
  8177 | D:10     | Noticed a two-headed ogre
  8187 | D:10     | Killed a two-headed ogre
  8187 | D:10     | Reached **** piety under Okawaru
  8280 | D:10     | Reached skill level 11 in Long Blades
  8430 | D:10     | Got a translucent trident
  8512 | D:10     | Killed an unseen horror
  8772 | D:10     | Noticed Snorg
  8789 | D:10     | Killed Snorg
  8789 | D:10     | Reached ***** piety under Okawaru
  8791 | D:10     | Reached skill level 12 in Long Blades
  9052 | D:11     | Identified the +2 trident of Evagutt {flame, +Rage rF++
                  | Int-5 Stlth+} (You found it on level 10 of the Dungeon)
  9232 | D:11     | Found Idizae's General Store.
  9237 | D:11     | Bought a potion of mutation for 112 gold pieces
  9237 | D:11     | Bought a potion of berserk rage for 70 gold pieces
  9251 | D:11     | Noticed a seven-headed hydra
  9278 | D:11     | Killed a seven-headed hydra
  9278 | D:11     | Gained mutation: You have very sharp fingernails. [demonic
                  | ancestry]
  9278 | D:11     | Reached XP level 11. HP: 8/75 MP: 11/11
  9278 | D:11     | HP: 2/112 [centaur/arrow (6)]
  9280 | D:11     | Shot with an arrow by a centaur

Levels and vault maps discovered:
D:1:      eino_arrival_druids_welcome, layout_rooms, minmay_tiny_reverse_x
D:2:      layout_loops_ring, overflow_temple_1_default, first_ration,
          grunt_ministairs_5, uniq_sigmund, uniq_crazy_yiuf_cottage
D:3:      layout_basic
D:4:      cheibrodos_old_hovel, layout_basic, nicolae_overflow_quartered_altars,
          corexii_hall_statues_u
D:5:      layout_cave_pools, roderic_roman_lattice
D:6:      layout_rooms, temple_fountains, minmay_hedge_maze, uniq_blork_the_orc
D:7:      layout_basic, kennysheep_vampire_church, marbit_many_paths,
          basic_altar, uniq_harold
D:8:      layout_basic, lemuel_coloured_pillars_altar,
          nemelex_spade_bored_becter
D:9:      layout_irregular_city, lemuel_crystal_altar,
          nicolae_overflow_crystal_walls, hangedman_fish_farm, uniq_psyche
D:10:     layout_big_octagon, lair_entry_dummy, serial_shops,
          nicolae_shop_stone, small_statue_intersection, uniq_snorg
D:11:     layout_small_grid, minmay_orc_entry_guard_dogs, serial_shops,
          nicolae_shop_statue_plus, shop, shop, kennysheep_mini
Temple:   nicolae_temple_hex_pool

Skill      XL: |  1  2  3  4  5  6  7  8  9 10 |
---------------+-------------------------------+-----
Long Blades    | 2 4 5 7 8 10 12 | 12.6
Dodging        | 1 2 |  2.4
Short Blades   | 5 8 |  8.5
Fighting       | |  3.0
Armour         | |  2.6
Shields        | |  2.6

Action                   |  1- 3 |  4- 6 |  7- 9 | 10-12 || total
-------------------------+-------+-------+-------+-------++-------
Melee: Long sword        |    48 |   144 |    81 |       ||   273
       Short sword       |       |       |   156 |     9 ||   165
       Demon blade       |       |       |    27 |    82 ||   109
Throw: Dart              |       |    10 |    12 |       ||    22
Invok: Heroism           |       |       |     2 |     2 ||     4
 Abil: Evoke Berserk Rag |       |       |       |     1 ||     1
Evoke: Wand              |     1 |     1 |     5 |     2 ||     9
  Use: Potion            |       |     1 |     3 |     1 ||     5
       Scroll            |       |       |    19 |     2 ||    21
  Eat: Chunk             |       |     7 |    11 |     9 ||    27
       Ration            |       |       |     1 |       ||     1
Armor: Scale mail        |    19 |    45 |    10 |     4 ||    78
       Chain mail        |       |     4 |    64 |    36 ||   104
       Plate armour      |       |       |     1 |       ||     1
Dodge: Dodged            |    12 |    45 |    54 |    45 ||   156
Block: Kite shield       |    14 |    72 |    93 |    46 ||   225
       Rpst.: Long sword |     2 |    13 |     8 |       ||    23
       Demon blade       |       |       |     1 |     6 ||     7

Table legend:
 A = Non-vault XP
 B = Vault XP
 C = Vault XP percentage of total XP
 D = Non-vault monster count
 E = Vault monster count
 F = Vault count percentage of total count
                 A         B        C        D         E       F
            +---------+---------+-------+---------+---------+-------
      Total |    7859 |    3333 |  29.8 |     169 |      21 |  11.1
            +---------+---------+-------+---------+---------+-------
        D:1 |      22 |       3 |  12.0 |      12 |       2 |  14.3
        D:2 |      55 |     255 |  82.3 |      20 |       4 |  16.7
        D:3 |      81 |       0 |   0.0 |      30 |       0 |   0.0
        D:4 |     218 |       2 |   0.9 |      12 |       1 |   7.7
        D:5 |     742 |       0 |   0.0 |      18 |       0 |   0.0
        D:6 |     345 |      87 |  20.1 |      10 |       1 |   9.1
        D:7 |    1463 |    1121 |  43.4 |      32 |      10 |  23.8
        D:8 |      71 |       0 |   0.0 |       5 |       0 |   0.0
        D:9 |     507 |     770 |  60.3 |       8 |       2 |  20.0
       D:10 |    2596 |    1095 |  29.7 |      12 |       1 |   7.7
       D:11 |    1759 |       0 |   0.0 |      10 |       0 |   0.0
            +---------+---------+-------+---------+---------+-------
